 Dungeon Crawl Stone Soup version 0.25.1-2-g60ff931df9 (webtiles) character file.

Game seed: 8891477258353337244

80 solopath the Chiller (level 4, -9/30 HPs)
             Began as a Barachi Ice Elementalist on Nov 4, 2020.
             Was a Follower of Makhleb.
             Mangled by a gnoll
             ... wielding a +0 halberd
              (11 damage)
             ... on level 3 of the Dungeon.
             The game lasted 00:06:21 (2648 turns).

solopath the Chiller (Barachi Ice Elementalist)     Turns: 2648, Time: 00:06:21

Health: -9/30      AC:  2    Str: 16    XL:     4   Next: 39%
Magic:  0/8        EV: 12    Int: 16    God:    Makhleb [*.....]
Gold:   106        SH:  5    Dex: 12    Spells: 4/8 levels left

rFire    x . .     SeeInvis .   l - +0 short sword
rCold    + . .     Gourm    .   (no shield)
rNeg     . . .     Faith    .   a - +0 robe
rPois    .         Spirit   .   (no helmet)
rElec    .         Reflect  +   (no cloak)
rCorr    .         Harm     .   (no gloves)
MR       .....                  (no boots)
Stlth    ++........             h - amulet of reflection
HPRegen  0.10/turn              j - ring of ice
MPRegen  0.11/turn              k - +6 ring of strength

@: slow
A: +LOS, swims, slowness 1, strong legs 1
a: Hop, Renounce Religion


You were on level 3 of the Dungeon.
You worshipped Makhleb.
Makhleb was aware of your devotion.
You were not hungry.

You visited 1 branch of the dungeon, and saw 3 of its levels.

You collected 106 gold pieces.

Inventory:

Hand Weapons
 l - a +0 short sword (weapon)
Armour
 a - a +0 robe (worn)
Jewellery
 h - an amulet of reflection (around neck)
 j - a ring of ice (left hand)
 k - a +6 ring of strength (right hand)
Scrolls
 d - a scroll of immolation {unknown}
 g - 2 scrolls of teleportation {unknown}
Potions
 b - 2 potions of haste {unknown}
 e - a potion of curing {unknown}
 f - a potion of brilliance {unknown}
 i - 3 potions of heal wounds {unknown}
 m - a potion of ambrosia {unknown}
Comestibles
 c - 2 rations
 n - 4 chunks of flesh


   Skills:
 - Level 2.1 Dodging
 + Level 2.6 Stealth
 + Level 2.9 Spellcasting
 * Level 6.0 Ice Magic


You had 4 spell levels left.
You knew the following spells:

 Your Spells              Type           Power        Failure   Level  Hunger
a - Freeze                Ice            ####         1%          1    #......
b - Frozen Ramparts       Ice            ####..       4%          3    ###....

Your spell library contained the following spells:

 Spells                   Type           Power        Failure   Level  Hunger
 Ozocubu's Armour         Chrm/Ice       ###.....     16%         3    ###....
 Hailstorm                Conj/Ice       ###.....     47%         4    #####..
 Summon Ice Beast         Ice/Summ       ###.....     47%         4    #####..


Dungeon Overview and Level Annotations

Branches:
Dungeon (3/15)

Altars:
Fedhas
Makhleb


Innate Abilities, Weirdness & Mutations

You can be seen from farther away. (+LOS)
You can swim through water.
You cover ground slowly.
You can hop short distances.


Message History

Aim: a gnoll, wielding a +0 halberd You feel a surge of power!
You freeze the gnoll.
The gnoll is moderately wounded.
The gnoll hits you with a +0 halberd!
* * * LOW HITPOINT WARNING * * *
Casting: Freeze (safe; 1% risk of failure)
Confirm with . or Enter, or press ? or * to list all spells.
Aiming: Freeze (safe; 1% risk of failure)
Press: ? - help, Shift-Dir - straight line, f/p - gnoll
Aim: a gnoll, wielding a +0 halberd (moderately wounded)
You feel a surge of power!
You freeze the gnoll.
The gnoll is heavily wounded.
The gnoll barely misses you.
You hit the gnoll but do no damage.
The gnoll is heavily wounded.
You block the gnoll's attack.
You hit the gnoll.
The gnoll is severely wounded.
The gnoll hits you with a +0 halberd!
You die...

####....).. ##......
##...## #...# #...#
###...# ########.#...##
#######.<.#....).....
#..g@).......#.##.###
#.......#)........##>###
#.##.##.#.##...........?
.. #.#..#.#.(###...##
#.# #.#.#)...........# #
#.#>......###.....
..####.#### .### ### #.#
.# #.#


You could see a gnoll.

Vanquished Creatures
  2 gnolls (D:3)
  An adder (D:2)
  A dart slug (D:3)
  An orc (D:3)
  4 bats (D:1)
  2 giant cockroaches
  6 goblins
  9 hobgoblins
  2 jackals (D:2)
  5 kobolds
  A quokka (D:2)
  A ball python (D:1)
  3 frilled lizards
  8 rats
46 creatures vanquished.

Notes
Turn   | Place    | Note
-------+----------+-------------------------------------------
     0 | D:1      | solopath the Barachi Ice Elementalist began the quest for
                  | the Orb.
     0 | D:1      | Reached XP level 1. HP: 13/13 MP: 3/3
   102 | D:1      | Reached skill level 5 in Ice Magic
   133 | D:1      | Reached XP level 2. HP: 17/19 MP: 0/5
  1242 | D:2      | Reached XP level 3. HP: 24/24 MP: 3/6
  1452 | D:2      | Found a blossoming altar of Fedhas.
  1934 | D:2      | Found a faded altar of an unknown god.
  1989 | D:2      | Became a worshipper of Makhleb the Destroyer
  1989 | D:2      | Reached * piety under Makhleb
  2532 | D:3      | Reached XP level 4. HP: 24/30 MP: 4/8
  2633 | D:3      | Learned a level 3 spell: Frozen Ramparts
  2640 | D:3      | Reached skill level 6 in Ice Magic
  2648 | D:3      | Mangled by a gnoll

Illustrated notes

Levels and vault maps discovered:
D:1:      minmay_arrival_doors, layout_loops_cross, corexii_corridor_pit,
          serial_bayou_lake_a
D:2:      layout_basic, chequers_ecumenical_altar_grove, fedhas_altar_3
D:3:      layout_loops_cross, marbit_many_paths, minmay_misc_feat_alley

Skill      XL: |  1  2  3  4 |
---------------+-------------+-----
Ice Magic      | 5 6 |  6.0
Stealth        | 2 |  2.6
Dodging        | |  2.1
Spellcasting   | |  2.9

Action                   |  1- 3 |  4- 6 || total
-------------------------+-------+-------++-------
Melee: Short sword       |    46 |     2 ||    48
       Unarmed           |     1 |       ||     1
 Cast: Freeze            |    47 |    14 ||    61
  Use: Scroll            |     2 |       ||     2
 Stab: Sleeping          |     2 |       ||     2
  Eat: Chunk             |     4 |       ||     4
       Ration            |     1 |       ||     1
Armor: Robe              |    18 |       ||    18
Dodge: Dodged            |    48 |     3 ||    51
Block: Other             |     2 |     4 ||     6
